 Dungeon Crawl Stone Soup version 0.30.0-29-ga12c61a403 (webtiles) character file.

Game seed: 5035568466457143853

129 Graphine the Sneak (level 5, -1/36 HPs)
             Began as an Octopode Brigand on June 22, 2023.
             Was an Initiate of Gozag.
             Slain by a gnoll
             ... wielding a +0 whip
              (8 damage)
             ... on level 3 of the Dungeon.
             The game lasted 00:03:22 (2243 turns).

Graphine the Sneak (Octopode Brigand)               Turns: 2243, Time: 00:03:24

Health: -1/36      AC:  1    Str: 10    XL:     5   Next: 12%
Magic:  5/5        EV: 13    Int: 13    God:    Gozag
Gold:   211        SH:  0    Dex: 16    Spells: 4/4 levels left

rFire   . . .        a - +2 dagger
rCold   . . .        (no shield)
rNeg    . . .        (helmet restricted)
rPois   .            (no amulet)
rElec   .            (no ring)
rCorr   .            (no ring)
SInv    .            (no ring)
Will    .....        (no ring)
Stlth   +++++        (no ring)
HPRegen 0.26/turn    (no ring)
MPRegen 0.09/turn    (no ring)
                     (no ring)

%: no passive effects
@: no status effects
A: almost no armour, amphibious, 8 rings, camouflage 1, gelatinous body 1,
(nimble swimmer 1), tentacles
a: Renounce Religion, Potion Petition, Call Merchant, Bribe Branch


You were on level 3 of the Dungeon.
You worshipped Gozag.
Gozag was aware of your devotion.
You visited 1 branch of the dungeon, and saw 3 of its levels.

You collected 255 gold pieces.
You paid 44 gold pieces to Gozag.

Inventory:

Hand Weapons
 a - a +2 dagger (weapon)
Missiles
 b - 9 poisoned darts
 c - 3 curare-tipped darts
 d - a boomerang (quivered)
 n - 6 atropa-tipped darts
 o - 3 javelins
Jewellery
 i - an amulet of guardian spirit
Scrolls
 e - a scroll of amnesia
 j - a scroll of fear {unknown}
 k - 10 scrolls of identify {unknown}
 m - a scroll of teleportation
 p - 2 scrolls of enchant armour {unknown}
 q - a scroll of magic mapping
Potions
 f - a potion of might {unknown}
 g - 2 potions of flight {unknown}
 h - a potion of mutation {unknown}
 l - a potion of haste {unknown}


   Skills:
 + Level 2.9 Fighting
 + Level 2.8 Short Blades
 - Level 2.0 Throwing
 + Level 2.2 Dodging
 * Level 6.9 Stealth


You had 4 spell levels left.
You didn't know any spells.
Your spell library contained the following spells:

 Spells                   Type           Power      Damage    Failure   Level
 Sublimation of Blood     Necr           0%         N/A       43%         2
 Wereblood                Tmut           0%         N/A       43%         2
 Summon Hydra             Summ           0%         N/A       100%        7


Dungeon Overview and Level Annotations

Branches:
Dungeon (3/15)

Altars:
Gozag

Shops:
D:3 *((

Annotations:
D:3 MrAu's ghost, amateur HuFi


Innate Abilities, Weirdness & Mutations

You cannot wear most types of armour.
You are amphibious.
You can wear up to eight rings at the same time.
Your skin changes colour to match your surroundings (Stealth+).
Your rubbery body absorbs attacks. (AC +1, EV +1)
((You are camouflaged when in or above water. (Stealth+)))
You have tentacles for arms and can constrict up to eight enemies at once.


Message History

You throw a boomerang.
The boomerang closely misses MrAu's ghost.
You throw a boomerang. The boomerang hits MrAu's ghost.
MrAu's ghost is lightly damaged.
A gnoll comes into view. It is wielding a +0 whip.
You throw a boomerang. The gnoll shouts!
The boomerang hits MrAu's ghost.
MrAu's ghost is lightly damaged.
MrAu's ghost hits you!
A gnoll comes into view. It is wielding a +0 whip.
You barely miss MrAu's ghost.
You squeeze MrAu's ghost, but do no damage.
MrAu's ghost is lightly damaged.
You hit MrAu's ghost. You squeeze MrAu's ghost!
MrAu's ghost is severely damaged.
MrAu's ghost screams, "You must not fail where I succeeded!"
MrAu's ghost closely misses you.
You hit MrAu's ghost but do no damage.
MrAu's ghost is severely damaged.
MrAu's ghost hits you but does no damage.
You hit MrAu's ghost. Your squeeze misses MrAu's ghost.
MrAu's ghost is severely damaged.
MrAu's ghost hits you.
You hit MrAu's ghost but do no damage. Your squeeze misses MrAu's ghost.
MrAu's ghost is severely damaged.
MrAu's ghost hits you.
You hit MrAu's ghost but do no damage.
MrAu's ghost is severely damaged.
MrAu's ghost hits you.
You hit MrAu's ghost but do no damage.
MrAu's ghost is severely damaged.
MrAu's ghost hits you but does no damage.
You hit MrAu's ghost.
MrAu's ghost is severely damaged.
MrAu's ghost hits you!
* * * LOW HITPOINT WARNING * * *
The gnoll hits you with a +0 whip!
You die...
Your body crumbles into a pile of gold.

...........#.....................
....................#............
....................##.......<..#
..............∩#....#######.#####
...............#....# ##..#
...............#....# #..##
...............##...# #.##
..)...........)#....# ##<#
...............#@#..####..#
...............gW......#.##
.........###....g........#
#.........[..............#
#####.#.#................#
~~~##...#..........###...#
~####>..#........###.'...#
~##............#'#...##..#
###.#..........#......#..#


You could see MrAu's ghost and 2 gnolls.

Vanquished Creatures
  A bullfrog (D:3)
  2 gnolls (D:3)
  2 adders
  A worm (D:2)
  2 endoplasms
  A giant cockroach (D:1)
  A goblin (D:2)
  4 hobgoblins
  3 quokkas
  3 ball pythons
  A bat (D:1)
  A frilled lizard (D:2)
  6 rats
28 creatures vanquished.

Notes
Turn   | Place    | Note
-------+----------+-------------------------------------------
     0 | D:1      | Graphine the Octopode Brigand began the quest for the Orb.
     0 | D:1      | Reached XP level 1. HP: 14/14 MP: 1/1
   525 | D:2      | Found a faded altar of an unknown god.
   525 | D:2      | Noticed a great orb of eyes
   527 | D:2      | Noticed an eye of devastation
   527 | D:2      | Noticed a shining eye
   527 | D:2      | Noticed a floating eye
   559 | D:2      | Reached XP level 2. HP: 19/19 MP: 2/2
  1330 | D:2      | Reached XP level 3. HP: 25/25 MP: 3/3
  1374 | D:2      | Found an opulent altar of Gozag.
  1408 | D:2      | Became a worshipper of Gozag Ym Sagoz the Greedy
  1590 | D:3      | Found Xuss's Antique Weapon Shoppe.
  1599 | D:3      | Found a runed translucent door.
  1600 | D:3      | Noticed a bullfrog
  1644 | D:3      | Found Qoabaipt's General Store.
  1682 | D:3      | Reached skill level 6 in Stealth
  1897 | D:3      | Found Filoadgh's Antique Weapon Shop.
  1931 | D:3      | Noticed MrAu's ghost (amateur HuFi)
  2072 | D:3      | Killed a bullfrog
  2073 | D:3      | Reached XP level 4. HP: 12/30 MP: 4/4
  2073 | D:3      | Reached XP level 5. HP: 14/36 MP: 5/5
  2243 | D:3      | Slain by a gnoll

Illustrated notes

Levels and vault maps discovered:
D:1:      matt_arrival_grand_opening, layout_rooms, minmay_misc_feat_tiny,
          grunt_decor_clamped
D:2:      layout_basic, basic_altar, hellmonk_ecumenical_altar_watching_god,
          grunt_ministairs_10
D:3:      layout_rooms, ebering_ghost_sewer_d, serial_shops,
          nicolae_shop_rolling_square, shop, shop,
          chequers_serial_rivers_large_b

Skill      XL: |  1  2  3 |
---------------+----------+-----
Stealth        | 6 |  6.9
Dodging        | 2 |  2.2
Fighting       | |  2.9
Short Blades   | |  2.8
Throwing       | |  2.0

Action                     |  1- 3 |  4- 6 || total
---------------------------+-------+-------++-------
  Melee: Dagger            |    32 |    14 ||    46
         Constrict         |     9 |     2 ||    11
         Tentacles         |     6 |     3 ||     9
  Throw: Boomerang         |    26 |     8 ||    34
    Use: Scroll            |     3 |     1 ||     4
   Stab: Sleeping          |     6 |       ||     6
 Armour: Skin              |     3 |     3 ||     6
  Dodge: Dodged            |     8 |     3 ||    11
